 Dungeon Crawl Stone Soup version 0.18-a0-641-g4caf58e (webtiles) character file.

73970 R18 the Ninja (level 15, 70/70 HPs)
             Began as a Felid Berserker on Nov 27, 2015.
             Was the Champion of Trog.
             Quit the game on level 1 of the Swamp on Dec 5, 2015.
             The game lasted 01:29:36 (31215 turns).

R18 the Ninja (Felid Berserker)                    Turns: 31215, Time: 01:29:37

Health: 70/70      AC: 13    Str: 13    XL:     15   Next: 5%
Magic:  25/25      EV: 24    Int: 10    God:    Trog [******]
Gold:   2671       SH:  0    Dex: 27    Spells: 0 memorised, 14 levels left
                                        Lives:  0   Deaths: 2

rFire  . . .     SeeInvis +       - Unarmed
rCold  + . .     Clarity  .     (armour unavailable)
rNeg   . . .     SustAt   .     (shield unavailable)
rPois  .         Gourm    .     (helmet unavailable)
rElec  .         Spirit   +     (cloak unavailable)
rCorr  .         Dismiss  .     (gloves unavailable)
rMut   .         Stasis   .     (boots unavailable)
MR     +++..                    K - amulet of Huehavih {Spirit MR+ MP+9 Dex+4}
Stlth  ++++++++++               J - ring of stealth
                                Y - +4 ring of protection

@: grasped by roots, slow, extremely resistant to hostile enchantments,
uncannily stealthy
A: no armour, no weapons or thrown items, claws 1, fangs 3, iridescent scales 2,
see invisible, blink, carnivore 3, clever 1, deterioration 1, speed 1, shaggy
fur 3, slow metabolism 1, sharp paws
a: Blink, Berserk, Trog's Hand, Brothers in Arms, Burn Spellbooks, Renounce
Religion


You were on level 1 of the Swamp.
You worshipped Trog.
Trog was exalted by your worship.
You were not hungry.

You visited 5 branches of the dungeon, and saw 31 of its levels.
You also visited: Sewer, Ossuary, Ice Cave and Volcano.

You collected 3711 gold pieces.
You spent 1040 gold pieces at shops.

Inventory:

Jewellery
 j - an uncursed amulet of faith
 y - an uncursed amulet of clarity
 E - an uncursed ring of protection from cold
 G - the amulet of Ofamoid {rN+}
   (You found it on level 8 of the Dungeon)

   [amulet of nothing]

   It protects you from negative energy.
 H - an uncursed amulet of stasis
 J - a ring of stealth (right paw)
 K - the amulet of Huehavih (around neck) {Spirit MR+ MP+9 Dex+4}
   (You bought it in a shop on level 7 of the Dungeon)

   [amulet of guardian spirit]

   It causes incoming damage to be split between your health and magic.
   It affects your dexterity (+4).
   It affects your resistance to hostile enchantments.
   It affects your magic capacity (+9).
 Y - a +4 ring of protection (left paw)
Wands
 e - a wand of cold (3)
 h - a wand of flame (20)
 p - a wand of draining (13)
 x - a wand of draining (10)
 C - a wand of disintegration (8)
 O - a wand of fireball (7)
 V - a wand of cold (13)
 Z - a wand of teleportation (3)
Scrolls
 g - 13 scrolls of teleportation
 i - 10 scrolls of remove curse
 m - 3 scrolls of recharging
 u - a scroll of magic mapping
 F - a scroll of blinking
 I - a scroll of fear
 L - 3 scrolls of identify
 N - a scroll of holy word
 P - a scroll of fog
Potions
 c - 4 potions of ambrosia
 d - a potion of resistance
 f - 2 potions of magic
 k - 17 potions of might
 n - 12 potions of flight
 o - 7 potions of heal wounds
 q - 6 potions of berserk rage
 s - 6 potions of invisibility
 v - 12 potions of curing
 w - 5 potions of agility
 z - 4 potions of haste
 B - a potion of cancellation
 T - a potion of cure mutation
Books
 r - a book of Ice

   Spells                             Type                      Level
   a - Ice Form                       Ice/Transmutation            4
   b - Metabolic Englaciation         Hexes/Ice                    5
   c - Ozocubu's Refrigeration        Ice                          6
   d - Bolt of Cold                   Conjuration/Ice              6
   e - Freezing Cloud                 Conjuration/Ice/Air          6
   f - Simulacrum                     Ice/Necromancy               6
   Trog disapproves of the use of such an item.
 t - a book of Unlife

   Spells                             Type                      Level
   a - Recall                         Summoning/Translocation      3
   b - Animate Dead                   Necromancy                   4
   c - Control Undead                 Necromancy                   4
   d - Cigotuvi's Embrace             Necromancy                   5
   e - Death Channel                  Necromancy                   6
   f - Simulacrum                     Ice/Necromancy               6
   Trog disapproves of the use of such an item.
 W - a book of Transfigurations

   Spells                             Type                      Level
   a - Stoneskin                      Transmutation/Earth          2
   b - Irradiate                      Conjuration/Transmutation    5
   c - Statue Form                    Transmutation/Earth          6
   d - Hydra Form                     Transmutation                6
   e - Dragon Form                    Transmutation                7
   Trog disapproves of the use of such an item.
Comestibles
 a - 7 meat rations
 b - 5 beef jerkies
 A - 12 royal jellies


   Skills:
 + Level 10.8 Fighting
 + Level 15.2 Dodging
 O Level 27 Stealth
 * Level 15.6 Unarmed Combat


You had 14 spell levels left.
You didn't know any spells.

Dungeon Overview and Level Annotations

Branches:
Dungeon (15/15)            Temple (0/1) D:5            Lair (8/8) D:9
  Swamp (1/4) Lair:6       Spider (0/4) Lair:3        Slime (0/6) Lair:7
    Orc (4/4) D:12            Elf (3/3) Orc:3        Vaults (0/5) D:14
 Depths (0/5) D:15

Altars:
Ashenzari
Cheibriados
Dithmenos
Elyvilon
Fedhas
Kikubaaqudgha
Makhleb
Nemelex Xobeh
Okawaru
Qazlal
Sif Muna
Xom
Yredelemnul
Zin
Beogh

Shops:
D:4 %   D:7 =   D:9 *:%(   D:10 %   D:13 [   Orc:1 %   Orc:2 ?   Orc:4 (:!*


Innate Abilities, Weirdness & Mutations

You cannot wear armour.
You are incapable of wielding weapons or throwing items.
You have sharp claws.
You have razor-sharp teeth.
You have supernaturally acute eyesight.
You are carnivorous and can eat meat at any time.
You cover ground quickly.
Your thick and shaggy fur keeps you warm (AC +3, rC+).
You have a slow metabolism.
Your sharp claws are effective at attacking unaware monsters.
You are mostly covered in iridescent scales (AC +6).
You can translocate small distances at will.
Your mind is acute. (Int +2)
Your body sometimes deteriorates upon taking damage.


Message History

The shambling mangrove hits you!!
* * * LOW HITPOINT WARNING * * *
Your body deteriorates!
You feel weakened.
You scratch the shambling mangrove.
The shambling mangrove is lightly damaged.
The shambling mangrove hits you!!
You die...
You are now level 15!
You rejoin the land of the living...
Found a stone staircase leading down.
Save game and exit?
Welcome back, R18 the Felid Berserker.
Trog says: Kill them all!
Press ? for a list of commands and other information.
Welcome back, R18 the Felid Berserker.
Trog says: Kill them all!
Press ? for a list of commands and other information.
Roots grasp at your paws, making movement difficult.
The shambling mangrove is too close now for your liking.
Are you sure you want to abandon this character and quit the game? (Confirm with "yes".)

♣.≈♣ ♣♣..≈≈≈≈.♣..≈.f.♣ ..
♣♣≈♣♣♣.....≈≈.♣♣♣.†..♣♣≈≈♣
.[...≈..≈≈≈≈♣.♣♣.f§.♣.♣§≈.
♣≈≈≈≈≈..♣.≈.≈..♣...≈...♣ ♣
..≈≈≈≈≈♣♣♣.≈≈≈.≈.......♣.≈≈
≈≈≈...♣♣ ♣.≈≈≈.≈......♣..≈.
≈≈≈..♣♣ ♣♣..≈..?††.....≈..
≈≈≈≈♣♣ ♣≈≈≈≈≈.._....≈≈.♣
≈§≈≈♣ ♣♣≈≈≈≈@.†..≈♣≈§≈.
.≈..♣ ♣.≈.≈.......≈..≈≈
♣♣≈...≈..§≈≈≈≈...
♣.≈≈≈≈≈..≈.≈≈≈♣≈
♣♣..≈...≈.....≈≈
♣♣.≈≈≈≈≈§.(....
♣....≈≈.§...≈≈
♣≈≈≈≈≈≈≈≈≈♣.♣
♣≈≈≈≈≈.≈.≈.≈≈≈


You could see a shambling mangrove.

Vanquished Creatures
  Agnes (D:15)
  Donald (Elf:3)
  Maud (D:11)
  Nessos (D:15)
  A deep elf demonologist (Elf:1)
  6 dire elephants (Lair:8)
  A deep elf death mage (Elf:2)
  A yaktaur captain (D:15)
  2 vault guards (D:14)
  Josephine (D:11)
  The ghost of Ordine the Martial Artist, a journeyman OpTm of Cheibriados (Lair:2)
  10 hydras
  Fannar (Lair:1)
  Harold (Lair:2)
  Erolcha (D:13)
  A deep elf high priest (Elf:1)
  An anaconda (Lair:8)
  Erica (D:11)
  13 dancing weapons (Elf:2)
  14 death yaks
  4 centaur warriors
  2 tengu warriors
  Urug (D:11)
  3 orc high priests
  Sonja (Orc:2)
  15 deep elf knights
  5 skeletal warriors (D:14)
  5 deep elf summoners
  2 unseen horrors (D:15)
  6 hill giants
  15 deep elf conjurers
  Pikel (D:4)
  An oklob plant (D:6)
  A harpy (shapeshifter) (Elf:2)
  4 cyclopes
  2 griffons
  6 ugly things
  4 orc sorcerers
  7 black mambas
  Joseph (D:7)
  16 spiny frogs
  An ice statue (IceCv)
  A torpor snail (Lair:8)
  5 elephants (Lair:8)
  4 centaur skeletons
  6 komodo dragons
  A queen bee (Orc:1)
  3 trolls
  8 deep elf priests
  A tengu conjurer (D:14)
  3 fire drakes
  10 polar bears
  2 two-headed ogres
  A giant leech (Swamp:1)
  Grinder (D:3)
  Prince Ribbit (Lair:2)
  A bog body (Swamp:1)
  A boulder beetle (Lair:8)
  17 blink frogs
  A trapdoor spider (D:14)
  A spriggan (Swamp:1)
  Sigmund (D:4)
  A centaur simulacrum (D:11)
  18 deep elf magi
  2 shadows
  3 water elementals (D:14)
  3 wyverns
  6 wraiths
  5 basilisks
  5 hungry ghosts
  16 deep elf fighters
  Eustachio (D:5)
  5 fire elementals (Volcano)
  24 yaks
  9 hippogriffs
  A mottled dragon (D:14)
  4 wargs (Orc:4)
  15 vampire mosquitoes
  Menkaure (D:4)
  5 wolves
  A swamp drake (Lair:6)
  28 orc warriors
  6 porcupines
  3 phantoms
  13 ice beasts
  12 water moccasins
  3 sky beasts
  9 ogres
  2 wasps
  8 centaurs
  14 crocodiles
  2 big kobolds
  23 giant frogs
  2 gnoll sergeants
  A water moccasin zombie (D:11)
  13 scorpions
  A water moccasin skeleton (D:5)
  A vampire bat (Lair:8)
  26 killer bees
  13 wights
  4 electric eels
  A lava snake (D:14)
  7 crimson imps
  9 centaur zombies
  3 human zombies (Ossuary)
  2 giant frog zombies
  24 orc priests
  4 jellies
  52 orc wizards
  10 hounds
  Jessica (D:3)
  7 iguanas
  21 worker ants
  A big kobold zombie (Ossuary)
  2 giant frog simulacra (D:11)
  21 sheep
  3 mummies (Ossuary)
  A hound skeleton (D:4)
  19 gnolls
  9 adders
  A worker ant zombie (D:6)
  2 scorpion zombies (Ossuary)
  73 river rats
  A hound simulacrum (D:11)
  4 shadow imps
  A worker ant simulacrum (D:11)
  An ufetubus (D:11)
  7 oozes
  3 adder skeletons
  2 adder zombies
  5 worms
  9 giant geckos
  231 orcs
  3 ball pythons
  8 giant cockroaches
  2 gnoll zombies (Ossuary)
  8 goblins
  2 hobgoblins
  9 jackals
  10 kobolds
  2 quokkas
  A ball python zombie (D:5)
  15 bats
  A giant gecko zombie (D:5)
  4 giant newts
  2 goblin zombies (Ossuary)
  3 hobgoblin zombies (Ossuary)
  A kobold zombie (Ossuary)
  2 orc zombies (Ossuary)
  11 rats
  A spectral orc (D:7)
  A butterfly (D:5)
  2 crawling corpses (Elf:1)
  2 fire vortices (Volcano)
  A plant (Lair:8)
1169 creatures vanquished.

Vanquished Creatures (collateral kills)
  Norris (Elf:2)
  Frances (D:14)
  A frost giant (IceCv)
  Louise (D:15)
  A deep elf annihilator (Elf:3)
  6 vault guards (D:14)
  2 deep elf knights (Elf:1)
  2 deep elf conjurers
  7 orc sorcerers
  A deep elf priest (Elf:2)
  6 polar bears (IceCv)
  A deep elf fighter (Elf:2)
  2 yaks (IceCv)
  8 wolves (IceCv)
  2 wargs (Orc:4)
  An orc warrior (Orc:4)
  8 orc wizards (Orc:4)
  22 orcs
73 creatures vanquished.

Vanquished Creatures (others)
  A deep elf demonologist (Elf:1)
  A deep elf knight (Elf:1)
  A slave (D:4)
  An ogre (Orc:3)
  A hound (D:4)
  An orc wizard (Elf:1)
  2 gnolls (D:4)
  6 orcs
  17 fungi
  10 plants
41 creatures vanquished.

Grand Total: 1283 creatures vanquished

Notes
Turn   | Place    | Note
--------------------------------------------------------------
     0 | D:1      | R18 the Felid Berserker began the quest for the Orb.
     0 | D:1      | Reached XP level 1. HP: 10/10 MP: 2/2
   120 | D:1      | Reached XP level 2. HP: 11/14 MP: 3/3
   599 | D:1      | Reached ** piety under Trog
   610 | D:1      | Reached XP level 3. HP: 17/17 MP: 4/4
   903 | D:2      | Found a white marble altar of Elyvilon.
  1046 | D:2      | Found a shadowy altar of Dithmenos.
  1555 | D:3      | Found a shattered altar of Ashenzari.
  1664 | D:3      | Reached XP level 4. HP: 18/21 MP: 5/5
  1688 | D:3      | Noticed Grinder
  1695 | D:3      | Killed Grinder
  1695 | D:3      | Reached skill level 5 in Dodging
  1695 | D:3      | Reached skill level 5 in Unarmed Combat
  1695 | D:3      | Reached XP level 5. HP: 22/24 MP: 6/6
  1701 | D:3      | Noticed Jessica
  1749 | D:3      | Killed Jessica
  1749 | D:3      | Reached skill level 6 in Dodging
  1749 | D:3      | Gained mutation: You are covered in thick fur (AC +2). [Felid growth]
  1749 | D:3      | Reached XP level 6. HP: 17/28 MP: 7/7
  2122 | D:4      | Reached *** piety under Trog
  2160 | D:4      | Found a glowing drain.
  2245 | Sewer    | Entered a sewer
  2800 | D:4      | Noticed Sigmund
  2835 | D:4      | Reached XP level 7. HP: 19/31 MP: 8/8
  2965 | D:4      | Killed Sigmund
  2965 | D:4      | Reached **** piety under Trog
  2965 | D:4      | Reached skill level 7 in Dodging
  3102 | D:4      | Noticed Menkaure
  3110 | D:4      | Killed Menkaure
  3351 | D:4      | Found a glowing silver altar of Zin.
  3370 | D:4      | Reached skill level 8 in Unarmed Combat
  3415 | D:4      | Reached XP level 8. HP: 26/34 MP: 9/9
  3458 | D:4      | Noticed Pikel
  3498 | D:4      | Killed Pikel
  3498 | D:4      | Reached skill level 9 in Unarmed Combat
  3780 | D:4      | Found a snail-covered altar of Cheibriados.
  3818 | D:4      | Found Vieprox's Food Emporium.
  3956 | D:5      | Entered Level 5 of the Dungeon
  4008 | D:5      | Found a staircase to the Ecumenical Temple.
  4195 | D:5      | Found a sand-covered staircase.
  4206 | Ossuary  | Entered an ossuary
  4484 | Ossuary  | Reached skill level 5 in Fighting
  4537 | Ossuary  | Reached XP level 9. HP: 31/40 MP: 10/10
  5031 | D:5      | Noticed Eustachio
  5045 | D:5      | Killed Eustachio
  5045 | D:5      | Reached skill level 10 in Unarmed Combat
  5667 | D:6      | Found a stormy altar of Qazlal.
  5847 | D:6      | Found a blossoming altar of Fedhas.
  5847 | D:6      | Noticed an oklob plant
  5865 | D:6      | Killed an oklob plant
  5865 | D:6      | Reached skill level 10 in Dodging
  5960 | D:6      | Reached skill level 11 in Unarmed Combat
  6281 | D:6      | Reached XP level 10. HP: 46/46 MP: 11/11
  6321 | D:6      | Found a deep blue altar of Sif Muna.
  6477 | D:7      | Gained mutation: You are partially covered in iridescent scales (AC +4). [potion of mutation]
  6477 | D:7      | Gained mutation: You are dopey. (Int -2) [potion of mutation]
  6477 | D:7      | Lost mutation: You are dopey. (Int -2) [potion of mutation]
  6647 | D:7      | Found Iluadaw's Jewellery Shoppe.
  6765 | D:7      | Found a basalt altar of Yredelemnul.
  6910 | D:7      | Noticed Joseph
  6923 | D:7      | Killed Joseph
  7286 | D:8      | Got a crude sapphire amulet
  7288 | D:8      | Identified the amulet of Ofamoid {rMut rN+} (You found it on level 8 of the Dungeon)
  7344 | D:8      | Found a sparkling altar of Nemelex Xobeh.
  7357 | D:8      | Reached ***** piety under Trog
  7803 | D:8      | Found an ancient bone altar of Kikubaaqudgha.
  7809 | D:8      | Found a burning altar of Makhleb.
  8149 | D:9      | Found Dufat's Food Boutique.
  8199 | D:9      | Found Faor's Weapon Boutique.
  8233 | D:9      | Reached skill level 12 in Unarmed Combat
  8353 | D:9      | Found a staircase to the Lair.
  8394 | D:9      | Noticed a centaur warrior
  8410 | D:9      | Killed a centaur warrior
  8735 | D:9      | Found Jiuzous's Assorted Antiques.
  8783 | D:9      | Bought an agate ring for 90 gold pieces
  8783 | D:9      | Bought a viscous ruby potion for 16 gold pieces
  8905 | D:9      | Found Suutozym's Book Shop.
  9175 | D:10     | Entered Level 10 of the Dungeon
  9511 | D:10     | Noticed a hill giant
  9522 | D:10     | Killed a hill giant
  9522 | D:10     | Reached skill level 1 in Stealth
  9522 | D:10     | Reached XP level 11. HP: 51/51 MP: 12/12
  9922 | D:10     | Found Ishroimm's Food Shoppe.
 10117 | D:11     | Noticed a hill giant
 10126 | D:11     | Killed a hill giant
 10200 | D:11     | Found a frozen archway.
 10236 | IceCv    | Entered an ice cave
 10242 | IceCv    | Reached skill level 13 in Unarmed Combat
 10856 | IceCv    | Reached ****** piety under Trog
 10856 | IceCv    | Reached skill level 5 in Stealth
 11026 | IceCv    | Noticed a frost giant
 11038 | IceCv    | Killed a frost giant
 11436 | D:11     | Noticed a hill giant
 11439 | D:11     | Gained mutation: Your thick and shaggy fur keeps you warm (AC +3, rC+). [Felid growth]
 11439 | D:11     | Reached XP level 12. HP: 57/57 MP: 13/13
 11454 | D:11     | Noticed Urug
 11470 | D:11     | Killed Urug
 11771 | D:11     | Noticed Josephine
 11781 | D:11     | Killed Josephine
 11852 | D:11     | Noticed a seven-headed hydra
 11887 | D:11     | Killed a seven-headed hydra
 11900 | D:11     | Reached skill level 10 in Stealth
 12322 | D:11     | Noticed Maud
 12336 | D:11     | Killed Maud
 12688 | D:11     | Noticed Erica
 12696 | D:11     | Killed Erica
 13068 | D:7      | Bought the amulet of Huehavih {Spirit MR+ MP+9 Dex+4} for 612 gold pieces
 13216 | Lair:1   | Entered Level 1 of the Lair of Beasts
 13574 | Lair:1   | Noticed Fannar
 13591 | Lair:1   | Killed Fannar
 13591 | Lair:1   | Reached skill level 14 in Stealth
 13591 | Lair:1   | Reached XP level 13. HP: 60/60 MP: 14/14
 14137 | Lair:2   | Noticed Ordine's ghost (journeyman OpTm)
 14469 | Lair:2   | Noticed Harold
 14477 | Lair:2   | Killed Harold
 14477 | Lair:2   | Reached skill level 15 in Stealth
 14510 | Lair:2   | Found a shimmering altar of Xom.
 14627 | Lair:2   | Noticed Prince Ribbit
 14642 | Lair:2   | Killed Prince Ribbit
 14789 | Lair:2   | Reached skill level 16 in Stealth
 14901 | Lair:2   | Killed Ordine's ghost
 15554 | Lair:3   | Found a hole to the Spider Nest.
 15706 | Lair:3   | Reached skill level 17 in Stealth
 16302 | Lair:4   | Reached skill level 18 in Stealth
 16823 | Lair:5   | Gained mutation: Your mind is acute. (Int +2) [potion of beneficial mutation]
 16827 | Lair:5   | Gained mutation: You are mostly covered in iridescent scales (AC +6). [potion of mutation]
 16827 | Lair:5   | Gained mutation: Your body sometimes deteriorates upon taking damage. [potion of mutation]
 16827 | Lair:5   | Gained mutation: You can translocate small distances at will. [potion of mutation]
 16890 | Lair:5   | Found a deep blue altar of Sif Muna.
 16966 | Lair:5   | Reached skill level 19 in Stealth
 17374 | Lair:6   | Found a staircase to the Swamp.
 17841 | Lair:6   | Reached XP level 14. HP: 52/64 MP: 15/15
 17993 | Lair:6   | Reached skill level 20 in Stealth
 18534 | Lair:7   | Found a staircase to the Slime Pits.
 19224 | Lair:8   | Entered Level 8 of the Lair of Beasts
 19409 | Lair:8   | Reached skill level 21 in Stealth
 20388 | Lair:8   | Reached skill level 22 in Stealth
 21250 | D:12     | Reached skill level 23 in Stealth
 21479 | D:12     | Found a staircase to the Orcish Mines.
 21755 | D:13     | Found an ancient bone altar of Kikubaaqudgha.
 21804 | D:13     | Noticed Erolcha
 21807 | D:13     | Killed Erolcha
 21825 | D:13     | Reached XP level 15. HP: 68/68 MP: 16/16
 22141 | D:13     | Found Dudaniv's Armour Shop.
 22407 | D:14     | Found a gate to the Vaults.
 22474 | D:14     | Reached skill level 24 in Stealth
 22702 | D:14     | Noticed Frances
 22918 | D:14     | Killed Frances
 23652 | D:14     | Reached skill level 25 in Stealth
 23704 | D:15     | Entered Level 15 of the Dungeon
 23824 | D:15     | Noticed Louise
 23828 | D:15     | Killed Louise
 23923 | D:15     | Noticed Nessos
 23947 | D:15     | Killed Nessos
 24272 | D:15     | Found a staircase to the Depths.
 24471 | D:15     | Noticed Agnes
 24478 | D:15     | Killed Agnes
 25052 | Orc:1    | Entered Level 1 of the Orcish Mines
 25465 | Orc:1    | Found Enworioll's Food Shoppe.
 25584 | Orc:2    | Found Qaeq's Magic Scroll Boutique.
 25591 | Orc:2    | Bought a scroll of blinking for 105 gold pieces
 25591 | Orc:2    | Bought 2 scrolls of identify for 56 gold pieces
 25591 | Orc:2    | Bought a scroll of identify for 28 gold pieces
 25591 | Orc:2    | Bought a scroll of identify for 28 gold pieces
 25591 | Orc:2    | Bought a scroll of holy word for 105 gold pieces
 25826 | Orc:3    | Reached skill level 26 in Stealth
 25860 | Orc:3    | You fall through a shaft!
 25860 | Orc:4    | Entered Level 4 of the Orcish Mines
 25872 | Orc:4    | Found a dark tunnel.
 25881 | Volcano  | Entered a volcano
 26100 | Orc:4    | Found Emoxkim's Distillery.
 26134 | Orc:4    | Found Rotofopn's General Store.
 26258 | Orc:4    | Found a roughly hewn altar of Beogh.
 26333 | Orc:4    | Found Exidatol's Antique Weapon Emporium.
 26362 | Orc:4    | Found Kudoo's Book Shop.
 27254 | Orc:3    | Found a staircase to the Elven Halls.
 27327 | Orc:3    | Reached XP level 16. HP: 72/72 MP: 17/17
 27809 | Orc:2    | Noticed Sonja
 27816 | Orc:2    | Killed Sonja
 27923 | Elf:1    | Entered Level 1 of the Elven Halls
 28397 | Elf:1    | Reached skill level 27 in Stealth
 29121 | Elf:2    | Reached skill level 10 in Fighting
 29310 | Elf:2    | Noticed Norris
 29324 | Elf:2    | Killed Norris
 29510 | Elf:2    | Found a runed gate.
 29510 | Elf:2    | Found a runed gate.
 29510 | Elf:2    | Found a runed gate.
 29743 | Elf:2    | Reached skill level 15 in Unarmed Combat
 30088 | Elf:3    | Entered Level 3 of the Elven Halls
 30235 | Elf:3    | Reached skill level 15 in Dodging
 30252 | Elf:3    | Noticed Donald
 30255 | Elf:3    | Killed Donald
 30438 | Elf:3    | Killed from afar by a deep elf priest
 30439 | Elf:3    | Reached XP level 15. HP: -5/70 MP: 0/25
 31081 | Swamp:1  | Entered Level 1 of the Swamp
 31148 | Swamp:1  | Found an iron altar of Okawaru.
 31168 | Swamp:1  | Reached XP level 16. HP: 65/74 MP: 14/17
 31211 | Swamp:1  | Mangled by a shambling mangrove
 31212 | Swamp:1  | Reached XP level 15. HP: -9/70 MP: 0/25
 31212 | Swamp:1  | Upgraded the game from 0.18-a0-312-g61bb5a5 to 0.18-a0-327-gb1de508
 31212 | Swamp:1  | Upgraded the game from 0.18-a0-327-gb1de508 to 0.18-a0-641-g4caf58e
 31215 | Swamp:1  | Quit the game

Vault maps used:
D:1:      minmay_arrival_split_and_join
D:2:      overflow_temple_1_default, elyvilon_altar_3, first_bread
D:3:      evilmike_ruin_ashenzari, uniq_jessica, uniq_grinder
D:4:      zin_scriptorium, kennysheep_little_box, serial_shops, shop_fountains,
          portal_sewer_entry_a, minmay_misc_feat_diagonals, uniq_pikel,
          uniq_sigmund, uniq_menkaure
D:5:      minmay_temple_entry_butterflies, chequers_ossuary_entry_cave,
          roderic_lattice_a, hex_large, uniq_eustachio
D:6:      nicolae_qazlal_general_emergency, lemuel_blue_sif_altar,
          lemuel_oklob_altar
D:7:      yredelemnul_forgotten_temple_becter, serial_shops, shop, uniq_joseph
D:8:      lemuel_round_altar, minitemple, blue_anna_alchemist
D:9:      lair_0_dummy, serial_shops, nicolae_shop_statue_plus,
          kennysheep_mini_moat, shop, kennysheep_mini
D:10:     serial_shops, shop
D:11:     serial_ice, serial_ice_d, serial_ice_k, serial_ice_a, serial_ice_c,
          serial_ice_e, portal_ice_cave_entry_ice_beasts, uniq_urug, uniq_erica,
          uniq_josephine, uniq_maud
D:12:     hiddenorc2_lemuel, kennysheep_minor_cross, hangedman_batty
D:13:     serial_shops, nicolae_shop_stone, basic_altar, special_room,
          uniq_erolcha
D:14:     erik_vaults_2, uniq_frances
D:15:     grunt_enter_depths_snipers, serial_park_square1, uniq_louise,
          uniq_agnes, uniq_nessos
Lair:1:   grunt_megastairs_3, uniq_fannar
Lair:2:   basic_altar, st_stairs_3, infiniplex_staircase_pool_2,
          grunt_megastairs_2, uniq_harold, uniq_prince_ribbit2
Lair:3:   spider_nest_entry_web_field
Lair:4:   beast_lair_carwin_6
Lair:5:   lemuel_centaur_altar
Lair:6:   minmay_swamp_entry_reptiles
Lair:7:   slime_dummy, infiniplex_staircase_pool
Lair:8:   due_jungle_book, roderic_batcave, grunt_megastairs_4
Swamp:1:  basic_altar, swamp_pool1
Orc:1:    special_room, serial_shops, shop_fountains
Orc:2:    serial_shops, shop_statue, uniq_sonja
Orc:3:    nicolae_orc_pool_cavern
Orc:4:    st_orc_town, nicolae_volcano_entry_two_sided
Elf:1:    orc_legates, st_stairs_11, minmay_fountain_box
Elf:2:    uniq_norris
Elf:3:    minmay_elf_hall_quartered_circle, uniq_donald
Sewer:    sewer_fruit_machine
Ossuary:  ossuary_minmay_scorpions
IceCv:    ice_cave_small_giant
Volcano:  volcano_aerie

Action                   |  1- 3 |  4- 6 |  7- 9 | 10-12 | 13-15 | 16-18 || total
-------------------------+-------+-------+-------+-------+-------+-------++-------
Melee: Unarmed           |   132 |   127 |   328 |   619 |  1848 |   495 ||  3549
Invok: Berserk           |     2 |     4 |    11 |    24 |    22 |     7 ||    70
       Trog's Hand       |       |     1 |     1 |     1 |     8 |     4 ||    15
       Burn Spellbooks   |       |       |       |     2 |       |       ||     2
       Brothers in Arms  |       |       |       |     4 |     9 |     4 ||    17
 Abil: Blink             |       |       |       |       |     1 |       ||     1
Evoke: Wand              |       |       |       |       |    12 |       ||    12
  Use: Scroll            |     1 |     7 |    12 |     8 |    10 |     6 ||    44
       Potion            |       |     2 |       |     8 |     5 |     1 ||    16
 Stab: Sleeping          |     5 |     1 |     6 |    20 |   168 |    41 ||   241
       Distracted        |       |       |       |     6 |    10 |     1 ||    17
  Eat: Chunk             |    11 |     6 |    11 |    50 |    45 |    20 ||   143
       Pizza             |       |       |       |       |     1 |     1 ||     2
